 Dungeon Crawl Stone Soup version 0.30-a0-219-gf2db51d15e (webtiles) character file.

Game seed: 6618005648189675011

44 Ayihk420 the Conjurer (level 3, -1/22 HPs)
             Began as a Tengu Reaver on Oct 7, 2022.
             Succumbed to a scorpion's poison
             ... on level 2 of the Dungeon.
             The game lasted 00:10:03 (2334 turns).

Ayihk420 the Conjurer (Tengu Reaver)                Turns: 2334, Time: 00:10:04

Health: -1/22      AC: 12    Str: 14    XL:     3   Next: 62%
Magic:  7/7        EV: 12    Int: 13    God:
Gold:   94         SH:  0    Dex: 12    Spells: 4/6 levels left

rFire   . . .      SeeInvis .    n - +1 mace (protect)
rCold   . . .      Faith    .    (no shield)
rNeg    . . .      Spirit   .    d - +2 robe
rPois   .          Reflect  .    (helmet restricted)
rElec   .          Harm     .    e - +0 cloak
rCorr   .          Rampage  .    (no gloves)
Will    .....                    (boots unavailable)
Stlth   +.........               (no amulet)
HPRegen 0.23/turn                (no ring)
MPRegen 0.10/turn                (no ring)

@: lethally poisoned (-1 -> -4), under a protective aura
A: beak, talons 3
a: no special abilities


You were on level 2 of the Dungeon.
You visited 1 branch of the dungeon, and saw 3 of its levels.

You collected 94 gold pieces.

Inventory:

Hand Weapons
 a - a +0 falchion
 g - a +0 sling
 k - a +0 dagger of venom
 n - a +1 mace of protection (weapon)
Missiles
 c - 15 stones
 i - 4 boomerangs (quivered)
Armour
 b - a +0 leather armour
 d - a +2 robe (worn)
 e - a +0 cloak (worn)
Potions
 h - a potion of brilliance
 l - a potion of ambrosia
 m - 2 potions of heal wounds
 o - a potion of flight {unknown}
 q - a potion of curing {unknown}


   Skills:
 * Level 2.9 Fighting
 - Level 3.4 Long Blades
 * Level 3.2 Dodging
 - Level 2.1 Spellcasting
 - Level 4.1 Conjurations


You had 4 spell levels left.
You knew the following spells:

 Your Spells              Type           Power      Damage    Failure   Level
a - Kiss of Death         Conj/Necr      24%        2d7       11%         1
b - Sting                 Tmut/Pois      4%         1d3       26%         1

Your spell library contained the following spells:

 Spells                   Type           Power      Damage    Failure   Level
 Momentum Strike          Conj/Tloc      12%        3d8       16%         2
 Hailstorm                Conj/Ice       6%         3d4       32%         3
 Poisonous Vapours        Pois/Air       2%         N/A       36%         2
 Olgreb's Toxic Radiance  Pois           1%         N/A       94%         4


Dungeon Overview and Level Annotations

Branches:
Dungeon (3/15)

Altars:


Innate Abilities, Weirdness & Mutations

You have a beak for a mouth.
You have claws for feet.


Message History

Done exploring.
As you read the scroll labelled MYOBECLERA, it crumbles to dust.
Your body is wracked with pain!
It was a scroll of torment.
You start resting.
HP restored.
As you read the scroll labelled DUNAS HOAMUH, it crumbles to dust.
The air around you briefly surges with heat, but it dissipates.
It was a scroll of immolation.
You start waiting.
Done waiting.
There is a stone staircase leading down here.
You climb downwards.
Found 14 gold pieces and a scroll of identify.
There is a stone staircase leading up here.
The scorpion closely misses you.
You hit the scorpion.
Your weapon exudes an aura of protection.
The scorpion is moderately wounded.
The scorpion stings you.
You are poisoned.
The scorpion poisons you!
You hit the scorpion but do no damage. Your kick misses the scorpion.
The scorpion is moderately wounded.
You feel very sick.
The scorpion stings you but does no damage.
The scorpion stings you.
You hit the scorpion.
The scorpion is heavily wounded.
You feel very sick. The scorpion stings you.
* * * LOW HITPOINT WARNING * * *
The scorpion stings you.
* * * LOW HITPOINT WARNING * * *
* * * LOW HITPOINT WARNING * * *
You feel sick.
There is a stone staircase leading up here.
* * * LOW HITPOINT WARNING * * *
You feel sick. The scorpion closely misses you.
You climb upwards.
You die...

####.########..######.#
#.# #.# #.........# #.#
##.## ####.#
#.###..##.###.###)..####
.....# #.#
#..##..............#
###### #.#
#.........###...##.## #
#.# #####.#####
##.###... # #.# #.# ###
#### #.#######.#
#......s@.# ###########


You could see a scorpion.

Vanquished Creatures
  2 worms (D:2)
  A dart slug (D:1)
  2 endoplasms (D:1)
  A giant cockroach (D:2)
  2 goblins (D:2)
  5 hobgoblins
  6 jackals
  2 quokkas
  3 ball pythons
  A bat (D:1)
  2 frilled lizards
  3 kobolds (D:2)
  4 rats
34 creatures vanquished.

Notes
Turn   | Place    | Note
-------+----------+-------------------------------------------
     0 | D:1      | Ayihk420 the Tengu Reaver began the quest for the Orb.
     0 | D:1      | Reached XP level 1. HP: 12/12 MP: 4/4
    24 | D:1      | Learned a level 1 spell: Sting
   179 | D:1      | Reached XP level 2. HP: 17/17 MP: 6/6
   353 | D:1      | Found a faded altar of an unknown god.
  1291 | D:2      | Reached XP level 3. HP: 22/22 MP: 7/7
  2327 | D:3      | Noticed a scorpion
  2333 | D:3      | HP: 1/22 [poisoned by a scorpion]
  2334 | D:2      | Succumbed to a scorpion's poison

Illustrated notes

Levels and vault maps discovered:
D:1:      dpeg_arrival_solitude, layout_loops_corners,
          ebering_ecumenical_altar_webs
D:2:      layout_loops_corners, serial_glass, glass_columns_a, glass_columns_b
D:3:      layout_loops_cross, lightli_temple_of_fire

Skill      XL: |  1  2  3 |
---------------+----------+-----
Dodging        | 3 |  3.2
Fighting       | |  2.9
Long Blades    | |  3.4
Spellcasting   | |  2.1
Conjurations   | |  4.1

Action                   || total
-------------------------++-------
Melee: Falchion          ||    37
       Kick              ||    13
       Peck              ||     8
       Punch             ||     1
       Dagger            ||    28
       Mace              ||    23
Throw: Boomerang         ||    33
  Use: Scroll            ||     7
Armor: Leather armour    ||    21
       Robe              ||     1
Dodge: Dodged            ||    42

Table legend: (Time is in decaauts)
 A = Elapsed time spent in this place.
 B = Non-inter-level travel time spent in this place.
 C = Inter-level travel time spent in this place.
 D = Time resting spent in this place.
 E = Time spent auto-exploring this place.
 F = Levels seen in this place.
 G = Mean time per level.
                   A        B        C        D        E       F      G
               +--------+--------+--------+--------+--------+-----+--------+
         Total |   2352 |   2352 |      0 |    456 |   1276 |   3 |  784.0 |
       Dungeon |   2352 |   2352 |      0 |    456 |   1276 |   3 |  784.0 |
               +--------+--------+--------+--------+--------+-----+--------+

Top non-repeatable levels by time:
     D:1: 1189 daAuts
     D:2: 1154 daAuts
     D:3: 8 daAuts
